 Dungeon Crawl Stone Soup version 0.30-a0-879-ga8ba668304 (webtiles) character file.

Game seed: 15798692627422775379

48 112233 the Vexing (level 3, -4/18 HPs)
             Began as a Spriggan Hexslinger on Mar 13, 2023.
             Slain by Natasha (8 damage)
             ... on level 2 of the Dungeon.
             The game lasted 00:01:12 (1023 turns).

112233 the Vexing (Spriggan Hexslinger)             Turns: 1023, Time: 00:01:14

Health: -4/18      AC:  3    Str:  6    XL:     3   Next: 50%
Magic:  3/7        EV: 17    Int: 16    God:
Gold:   80         SH:  0    Dex: 15    Spells: 5/6 levels left

rFire   . . .      SeeInvis +    a - +1 sling
rCold   . . .      Faith    .    (no shield)
rNeg    . . .      Spirit   .    c - +0 robe
rPois   .          Reflect  .    (helmet restricted)
rElec   .          Rampage  .    j - +0 cloak
rCorr   .                        (gloves unavailable)
Will    .....                    (boots unavailable)
Stlth   +                        (no amulet)
HPRegen 0.23/turn                (no ring)
MPRegen 0.10/turn                (no ring)

@: very slightly contaminated, very quick
A: very small, no large weapons, unfitting armour, see invisible, speed 3
a: no special abilities


You were on level 2 of the Dungeon.
You visited 1 branch of the dungeon, and saw 2 of its levels.

You collected 80 gold pieces.

Inventory:

Hand Weapons
 a - a +1 sling (weapon)
 f - a +0 short sword
Armour
 c - a +0 robe (worn)
 j - a +0 cloak (worn)
Scrolls
 b - 2 scrolls of poison
 d - 3 scrolls of identify {unknown}
 g - a scroll of butterflies {unknown}
 i - a scroll of silence {unknown}
 k - a scroll of enchant weapon {unknown}
Potions
 e - 4 potions of heal wounds {unknown}
 h - a potion of curing {unknown}


   Skills:
 + Level 1.3 Fighting
 + Level 2.4 Ranged Weapons
 + Level 3.3 Dodging
 + Level 2.1 Spellcasting
 + Level 4.1 Hexes


You had 5 spell levels left.
You knew the following spells:

 Your Spells              Type           Power      Damage    Failure   Level
a - Slow                  Hex            56%        N/A       3%          1

Your spell library contained the following spells:

 Spells                   Type           Power      Damage    Failure   Level
 Inner Flame              Hex/Fire       8%         N/A       26%         3
 Portal Projectile        Hex/Tloc       16%        N/A       26%         3
 Cause Fear               Hex            7%         N/A       36%         4


Dungeon Overview and Level Annotations

Branches:
Dungeon (2/15)

Altars:

Annotations:
D:2 Natasha


Innate Abilities, Weirdness & Mutations

You are very small and have problems with some larger weapons.
You are too small for most types of armour.
You have supernaturally acute eyesight. (SInv)
You cover ground extremely quickly. (Speed+++)


Message History

Unknown command.
Aiming: Slow (safe; 3% risk of failure)
Press: ? - help, Q - select action, (/) - cycle Shift-Dir - straight line, f/p - Natasha
Aim: Natasha (almost dead, chance to affect: 48%)
You miscast Slow.
You are very lightly contaminated with residual magic.
Nothing appears to happen.
Natasha misses you.
Unknown command.
Aiming: Slow (safe; 3% risk of failure)
Press: ? - help, Q - select action, (/) - cycle Shift-Dir - straight line, f/p - Natasha
Aim: Natasha (almost dead, chance to affect: 48%) Natasha seems to slow down.
Natasha casts a spell.
Unknown command.
Unknown command.
Casting: Slow (safe; 3% risk of failure)
Confirm with . or Enter, or press ? or * to list all spells.
Aiming: Slow (safe; 3% risk of failure)
Press: ? - help, Shift-Dir - straight line, f/p - Natasha
Aim: Natasha (almost dead, slow, chance to affect: 48%)
You miscast Slow.
Nothing appears to happen.
The white imp hits you but does no damage.
Unknown command.
Aiming: Slow (safe; 3% risk of failure)
Press: ? - help, Q - select action, (/) - cycle Shift-Dir - straight line, f/p - Natasha
Aim: Natasha (almost dead, slow, chance to affect: 48%) Natasha resists with some effort.
Natasha claws you!
Ouch! That really hurt!
* * * LOW HITPOINT WARNING * * *
The white imp hits you but does no damage.
The shadow imp grins evilly.
Fire: a) +1 sling
Press: ? - help, Q - select action, (/) - cycle Shift-Dir - straight line, f/p - Natasha
Aim: Natasha (almost dead, slow, 50% to hit)
You shoot a sling bullet. The sling bullet hits Natasha.
Natasha is almost dead.
The white imp closely misses you. Natasha claws you!
You die...

#####
#..5#######.
#...@h55....
#...#######.
##.## #.#
#.# #.#
###.#####
#.......#
#.#.###.#


You could see Natasha (slow), a white imp (summoned) and 2 shadow imps.

Vanquished Creatures
  An adder (D:1)
  A dart slug (D:1)
  4 bats (D:1)
  5 endoplasms (D:1)
  3 giant cockroaches (D:1)
  6 goblins (D:1)
  5 hobgoblins (D:1)
  4 kobolds (D:1)
  A frilled lizard (D:1)
  A rat (D:1)
31 creatures vanquished.

Notes
Turn   | Place    | Note
-------+----------+-------------------------------------------
     0 | D:1      | 112233 the Spriggan Hexslinger began the quest for the Orb.
     0 | D:1      | Reached XP level 1. HP: 9/9 MP: 3/3
    81 | D:1      | Reached skill level 1 in Fighting
    83 | D:1      | Reached XP level 2. HP: 14/14 MP: 5/5
   375 | D:1      | Reached skill level 4 in Hexes
   414 | D:1      | Reached XP level 3. HP: 18/18 MP: 7/7
  1008 | D:2      | Noticed Natasha
  1023 | D:2      | Slain by Natasha

Illustrated notes

Levels and vault maps discovered:
D:1:      nicolae_arrival_memento_mori, layout_basic, minmay_tetromino_s4
D:2:      layout_loops_corners, basic_altar, minmay_small_reverse_x,
          uniq_natasha

Skill      XL: |  1  2 |
---------------+-------+-----
Fighting       | 1 |  1.3
Dodging        | 3 |  3.3
Spellcasting   | 2 |  2.1
Hexes          | 4 |  4.1
Ranged Weapons | |  2.4

Action                     || total
---------------------------++-------
   Fire: Sling             ||   105
   Cast: Slow              ||     4
 Armour: Robe              ||    15
  Dodge: Dodged            ||    53

Table legend: (Time is in decaauts)
 A = Elapsed time spent in this place.
 B = Non-inter-level travel time spent in this place.
 C = Inter-level travel time spent in this place.
 D = Time resting spent in this place.
 E = Time spent auto-exploring this place.
 F = Levels seen in this place.
 G = Mean time per level.
                   A        B        C        D        E       F      G
               +--------+--------+--------+--------+--------+-----+--------+
         Total |    734 |    685 |     49 |     10 |    492 |   2 |  367.0 |
       Dungeon |    734 |    685 |     49 |     10 |    492 |   2 |  367.0 |
               +--------+--------+--------+--------+--------+-----+--------+

Top non-repeatable levels by time:
     D:1: 699 daAuts
     D:2: 35 daAuts
